Map: Jagannatha LE

Players

Pumba - Winner!

  • Race: Zerg Zerg
  • League: Platinum
  • Spawn Location: 1:00

llllllllllll

  • Race: Protoss Protoss
  • League: Platinum
  • Spawn Location: 7:00

VOD

Have the link to the VOD?

Description

Time

  • Played on: Aug. 10, 2021, 6:40 p.m.
  • Length: 12:40
Show
View Real Time Build Order
Export as new Build Order

Pumba Zerg - Winner!

Build Orders: Pool First, Roach Hydra 

Get SALT Encoding   

  12  0:00  Drone  
  13  0:13  Overlord  
  13  0:18  Drone  
  14  0:32  Drone x2  
  16  0:38  Drone  
  17  0:47  Spawning Pool  
  17  0:49  Drone  
  17  1:08  Drone  
  18  1:17  Hatchery  
  17  1:22  Extractor  
  17  1:25  Drone  
  17  1:26  Drone  
  17  1:29  Drone  
  19  1:36  Queen  
  21  1:42  Overlord  
  21  1:50  Zergling x2  
  22  2:03  Drone  
  23  2:12  Queen  
  25  2:20  Drone  
  26  2:28  Metabolic Boost  
  26  2:30  Drone x2  
  28  2:38  Drone  
  29  2:54  Drone x6  
  35  3:02  Overlord  
  35  3:03  Overlord  
  35  3:11  Roach Warren  
  34  3:18  Drone  
  35  3:20  Overlord  
  35  3:30  Drone x6  
  35  3:31  Drone  
  42  3:34  Overlord  
  41  3:49  Hatchery  
  40  3:59  Zergling x10  
  40  4:00  Zergling x4  
  40  4:02  Zergling x4  
  49  4:10  Drone x3  
  49  4:12  Lair  
  49  4:13  Extractor  
  49  4:15  Extractor  
  49  4:16  Extractor  
  49  4:17  Overlord  
  49  4:32  Overlord x2  
  49  4:35  Queen  
  51  4:39  Drone x5  
  51  4:40  Drone x2  
  58  4:54  Spore Crawler  
  57  5:12  Drone x2  
  57  5:13  Drone  
  60  5:15  Queen  
  60  5:17  Queen  
  64  5:22  Drone  
  64  5:23  Drone  
  66  5:33  Drone x4  
  66  5:34  Drone x5  
  75  5:37  Spore Crawler  
  75  5:41  Queen  
  76  5:45  Glial Reconstitution  
  76  5:48  Spore Crawler, Roach x6  
  87  5:55  Evolution Chamber  
  86  5:58  Hydralisk Den  
  86  6:00  Drone x2, Evolution Chamber  
  86  6:01  Drone  
  87  6:08  Overlord x3  
  86  6:16  Overseer  
  86  6:35  Drone x7  
  86  6:36  Drone  
  86  6:37  Drone x2  
  86  6:39  Extractor  
  95  6:40  Extractor  
  95  6:41  Zerg Ground Armor Level 1, Zerg Missile Weapons Level 1  
  95  6:42  Grooved Spines  
  94  6:51  Overlord x2  
  94  7:01  Roach x3  
  100  7:28  Hydralisk x11  
  122  7:31  Overlord x2  
  122  7:46  Overlord x2  
  122  7:51  Hydralisk x8  
  122  7:54  Muscular Augments, Hatchery  
  136  8:01  Hydralisk  
  138  8:19  Hydralisk, Roach x7  
  154  8:23  Overlord x3  
  154  8:24  Overlord  
  154  8:25  Overlord  
  153  8:44  Hydralisk x6  
  165  8:48  Hydralisk x8  
  163  9:06  Roach x6  
  154  9:20  Roach x2  
  154  9:21  Roach x8  
  176  9:24  Roach  
  176  9:29  Roach x3  
  182  9:45  Roach x7  
  186  9:58  Roach x4  
  176  10:08  Extractor x2  
  174  10:15  Overlord  
  174  10:20  Hatchery  
  135  11:05  Hydralisk x10  
  135  11:06  Roach  
  135  11:07  Roach x4  
  135  11:08  Roach x2  
  139  11:26  Roach x3  
  141  11:43  Roach x8  
  141  11:46  Roach x2  
  141  11:47  Roach x2  
  157  11:57  Roach x4  
Show
View Real Time Build Order
Export as new Build Order

llllllllllll Protoss 

Build Orders:  

Get SALT Encoding   

  12  0:00  Probe  
  13  0:12  Probe  
  14  0:17  Pylon  
  14  0:24  Probe  
  15  0:36  Probe  
  15  0:42  Pylon  
  16  0:52  Probe (Chrono Boost)  
  17  1:02  Probe (Chrono Boost), Assimilator  
  19  1:15  Gateway  
  17  1:18  Probe  
  18  1:31  Nexus  
  18  1:35  Probe  
  20  1:47  Probe  
  20  1:59  Probe  
  21  2:02  Cybernetics Core  
  21  2:11  Probe  
  21  2:13  Gateway  
  22  2:20  Assimilator  
  21  2:23  Probe  
  22  2:35  Adept (Chrono Boost), Probe  
  25  2:47  Probe  
  25  2:48  Probe  
  27  2:52  Stargate  
  27  2:59  Adept, Probe (Chrono Boost)  
  27  3:00  Probe (Chrono Boost)  
  27  3:05  Warp Gate  
  31  3:11  Probe (Chrono Boost)  
  28  3:12  Adept  
  33  3:18  Probe (Chrono Boost)  
  36  3:20  Probe (Chrono Boost)  
  36  3:24  Probe (Chrono Boost)  
  36  3:25  Probe  
  38  3:35  Void Ray (Chrono Boost)  
  38  3:36  Probe  
  38  3:37  Probe  
  45  3:48  Probe  
  45  3:49  Probe  
  46  4:11  Nexus  
  46  4:13  Pylon  
  46  4:17  Pylon  
  46  4:18  Pylon  
  46  4:28  Assimilator  
  46  4:30  Oracle (Chrono Boost), Stalker  
  46  4:31  Probe x2, Assimilator  
  53  4:43  Robotics Facility, Probe x2 (Chrono Boost)  
  55  4:49  Pylon  
  55  4:55  Adept, Probe x2 (Chrono Boost)  
  59  5:02  Probe x2 (Chrono Boost)  
  63  5:08  Gateway  
  63  5:09  Probe x2  
  65  5:17  Adept  
  65  5:21  Probe x2  
  65  5:25  Probe  
  68  5:33  Probe x2  
  70  5:37  Probe  
  70  5:38  Forge  
  70  5:40  Robotics Bay  
  71  5:44  Gateway  
  71  5:45  Probe x2  
  71  5:46  Sentry x2, Assimilator  
  71  5:48  Assimilator  
  71  5:49  Probe  
  78  5:50  Gateway  
  78  5:51  Pylon  
  78  5:57  Probe x2  
  78  6:01  Probe  
  81  6:04  Sentry  
  81  6:06  Shield Battery  
  81  6:08  Protoss Ground Weapons Level 1 (Chrono Boost)  
  81  6:10  Probe x2, Gateway  
  85  6:13  Probe  
  85  6:15  Gateway  
  86  6:19  Photon Cannon  
  86  6:22  Probe x2  
  89  6:25  Probe  
  89  6:26  Stalker x2  
  89  6:31  Gateway  
  89  6:32  Colossus (Chrono Boost)  
  93  6:34  Probe  
  100  6:42  Probe  
  100  6:47  Pylon x2  
  101  6:48  Extended Thermal Lance  
  101  6:53  Pylon  
  101  7:05  Probe x3  
  104  7:10  Colossus (Chrono Boost)  
  104  7:11  Gateway  
  110  7:15  Gateway, Stalker  
  110  7:16  Stalker x2  
  110  7:21  Pylon x2  
  116  7:23  Pylon  
  116  7:26  Probe  
  116  7:29  Stalker  
  119  7:30  Stalker x2  
  119  7:31  Sentry  
  125  7:41  Twilight Council  
  125  7:43  Probe  
  126  7:45  Probe  
  126  7:46  Probe  
  126  7:48  Colossus (Chrono Boost)  
  126  7:50  Sentry  
  126  7:51  Sentry x2, Stalker  
  140  7:55  Probe  
  143  7:59  Probe  
  143  8:02  Stalker x4  
  149  8:07  Pylon  
  149  8:08  Pylon  
  149  8:15  Photon Cannon  
  149  8:16  Photon Cannon, Protoss Ground Weapons Level 2 (Chrono Boost)  
  149  8:19  Pylon x2  
  149  8:26  Stalker x2  
  153  8:36  Gateway  
  153  8:37  Photon Cannon  
  153  8:38  Shield Battery  
  153  8:39  Sentry x2  
  153  8:40  Sentry  
  159  8:41  Stalker  
  149  9:00  Stalker  
  149  9:01  Stalker x3  
  143  9:17  Nexus  
  141  9:18  Stalker x4  
  141  9:19  Stalker x2  
  153  9:26  Observer  
  154  9:32  Stalker x4  
  162  9:51  Pylon  
  146  10:03  Stalker  
  146  10:04  Colossus (Chrono Boost), Stalker x5  
  146  10:05  Stalker x2  
  132  10:12  Robotics Facility  
  136  10:15  Stalker x2  
  136  10:19  Pylon  
  140  10:22  Shield Battery  
  140  10:23  Sentry  
  140  10:26  Probe  
  140  10:27  Probe  
  144  10:29  Assimilator  
  144  10:31  Stalker  
  145  10:40  Stalker x4  
  145  10:41  Probe  
  154  10:48  Zealot x4  
  158  10:52  Stalker  
  138  10:57  Probe x2  
  138  10:58  Probe x2  
  126  11:05  Stalker x2  
  126  11:09  Probe  
  119  11:15  Shield Battery  
  119  11:17  Photon Cannon  
  109  11:19  Probe  
  109  11:20  Probe x2  
  107  11:30  Probe  
  107  11:31  Probe  
  107  11:32  Probe x2  
  111  11:36  Pylon  
  111  11:42  Colossus, Probe  
  111  11:44  Probe x3  
  121  11:51  Stalker x2  
  121  11:52  Stalker  
  127  11:54  Probe  
  104  12:21  Probe  
  79  12:27  Shield Battery  
  79  12:29  Photon Cannon x2  
  79  12:30  Photon Cannon  
  79  12:31  Shield Battery  
Tags
 
Add a new tag
Caveats
  • Supply blocks, unpowered buildings, or Contaminate may cause inaccurate times.
  • Supply counts are checked every 10 seconds.